 Dungeon Crawl Stone Soup version 0.21-a0-349-g0c35859 (webtiles) character file.

88 Hasart the Cudgeler (level 4, -1/35 HPs)
             Began as a Mummy Fighter on Oct 8, 2017.
             Slain by Natasha (7 damage)
             ... on level 2 of the Dungeon.
             The game lasted 00:04:55 (1425 turns).

Hasart the Cudgeler (Mummy Fighter)                 Turns: 1425, Time: 00:04:56

Health: -1/35      AC:  6    Str: 20    XL:     4   Next: 30%
Magic:  4/4        EV:  7    Int:  7    God:
Gold:   79         SH:  8    Dex: 11    Spells: 3/3 levels left

rFire    x . .     SeeInvis .   a - +0 flail
rCold    + + .     Gourm    .   c - +0 shield
rNeg     + + +     Faith    .   b - +0 scale mail
rPois    ∞         Spirit   .   (no helmet)
rElec    .         Reflect  .   (no cloak)
rCorr    .         Harm     .   (no gloves)
MR       .....                  (no boots)
Stlth    +.........             (no amulet)
HPRegen  0.11/turn              i - ring of protection from cold
MPRegen  0.09/turn              k - ring of stealth

@: slowed, very slow
A: no food or potions, fire vulnerability, cold resistance 1, negative energy
resistance 3, torment resistance, unbreathing
a: no special abilities


You were on level 2 of the Dungeon.
You were not hungry.

You visited 1 branch of the dungeon, and saw 2 of its levels.

You collected 79 gold pieces.

Inventory:

Hand Weapons
 a - a +0 flail (weapon)
Missiles
 m - 2 javelins (quivered)
Armour
 b - a +0 scale mail (worn)
 c - a +0 shield (worn)
Jewellery
 i - a ring of protection from cold (left hand)
 k - a ring of stealth (right hand)
Scrolls
 d - 2 scrolls of magic mapping {unknown}
 e - 2 scrolls of identify {unknown}
 f - 2 scrolls of fear {unknown}
 g - a scroll of remove curse {unknown}
 h - 2 scrolls of enchant armour {unknown}
 j - a scroll of amnesia {unknown}
 l - a scroll of recharging {unknown}


   Skills:
 - Level 3.0 Fighting
 + Level 3.8 Maces & Flails
 - Level 2.4 Armour
 - Level 2.4 Shields


You had 3 spell levels left.
You didn't know any spells.

Dungeon Overview and Level Annotations

Branches:
Dungeon (2/15)

Altars:
Qazlal
Yredelemnul
The Shining One

Annotations:
D:2 Natasha


Innate Abilities, Weirdness & Mutations

You do not eat or drink.
Your flesh is vulnerable to fire.
You are immune to poison.
Your flesh is cold resistant. (rC+)
You are immune to negative energy. (rN+++)
You are immune to unholy pain and torment.
You can survive without breathing.


Message History

You closely miss something.
You hear some strange, mumbled words.
You feel yourself slow down.
You closely miss something.
You hear some strange, mumbled words.
Something tries to affect you, but you resist.
Something claws you.
Your scale mail prevents you from hitting something.
You hear some strange, mumbled words.
Something claws you.
You closely miss something. Something claws you but does no damage.
Something claws you!
You closely miss something. Something claws you but does no damage.
Something claws you.
* * * LOW HITPOINT WARNING * * *
Your shield prevents you from hitting something.
You block something's attack. Something claws you.
* * * LOW HITPOINT WARNING * * *
You miss something. Something claws you!
You die...

#.#.#
#.#.♣.♣(#.#####
#...#
#.##...##.##...
#.###
##.♣#####♣.##.##
.##.......##..##
#.####'####....)
#.# #.##.###### #.#
#†...# #.
...######.#######.#
##
.....5)@.....####.#
#.
...######.##......#
### #.#######.# #..
..# #.####.# #.#.
#....... ##
.######.....##
............#
.######.....#
.######.....##


You could see a shadow imp.

Vanquished Creatures
  An adder (D:2)
  An ooze (D:2)
  A worm (D:2)
  3 dart slugs
  2 leopard geckos
  4 giant cockroaches
  8 goblins (D:2)
  6 hobgoblins
  7 jackals (D:2)
  7 kobolds
  8 bats
  4 frilled lizards
  6 rats
58 creatures vanquished.

Notes
Turn   | Place    | Note
-------+----------+-------------------------------------------
     0 | D:1      | Hasart the Mummy Fighter began the quest for the Orb.
     0 | D:1      | Reached XP level 1. HP: 18/18 MP: 1/1
   279 | D:1      | Reached XP level 2. HP: 24/24 MP: 2/2
   821 | D:2      | Reached XP level 3. HP: 29/29 MP: 3/3
  1027 | D:2      | Found a stormy altar of Qazlal.
  1130 | D:2      | Reached XP level 4. HP: 32/35 MP: 4/4
  1196 | D:2      | Found a glowing golden altar of the Shining One.
  1196 | D:2      | Found a basalt altar of Yredelemnul.
  1250 | D:2      | Noticed an angel
  1260 | D:2      | Noticed a profane servitor
  1413 | D:2      | Noticed Natasha
  1425 | D:2      | Slain by Natasha

Vault maps used:
D:1:      tarquinn_simple_flora_water_c, minivault_24, minmay_pentomino_v2
D:2:      grunt_temple_overflow_holy_war, nicolae_overflow_hidden_temple,
          grunt_ministairs_11, minmay_misc_feat_doors, uniq_natasha

Skill      XL: |  1  2 |
---------------+-------+-----
Maces & Flails | 2 3 |  3.8
Fighting       | |  3.0
Armour         | |  2.4
Shields        | |  2.4

Action                   |  1- 3 |  4- 6 || total
-------------------------+-------+-------++-------
Melee: Flail             |   161 |    47 ||   208
Armor: Scale mail        |    86 |    24 ||   110
Dodge: Dodged            |    44 |     5 ||    49
Block: Shield            |    97 |    27 ||   124

Table legend:
 A = Spawn XP
 B = Non-spawn XP
 C = Spawn XP percentage of total XP
 D = Spawn monster count
 E = Non-spawn monster count
 F = Spawn count percentage of total count
 G = Total turns spent on level
                    A         B        C        D         E        F      G
               +---------+---------+-------+---------+---------+-------+---------
         Total |       0 |     127 |   0.0 |       0 |      58 |   0.0 |  1425
               +---------+---------+-------+---------+---------+-------+---------
           D:1 |       0 |      35 |   0.0 |       0 |      19 |   0.0 |   750
           D:2 |       0 |      92 |   0.0 |       0 |      39 |   0.0 |   675
               +---------+---------+-------+---------+---------+-------+---------
